[ AOE2 MATCH · #465232575 ]
UnrankedVietnamese vs Celts
Player's team · LOSS
[ REPLAY ANALYSIS · EXTRACTED FROM THE RECORDED GAME ]
Feudal
—
Castle
—
Imperial
—
| APM avg | 33.7 |
| APM peak | 68 |
| eAPM avg | 12.5 |
| Villagers / military | 25 / 0 |
Focus
⚔️ 15.2% · 🌾 84.8%
Feudal
10:36
Castle
—
Imperial
—
| APM avg | 48.8 |
| APM peak | 90 |
| eAPM avg | 24.0 |
| Villagers / military | 30 / 11 |
Focus
⚔️ 48.3% · 🌾 51.7%
Scout Cavalry ×8 · Spearman ×2 · Militia ×1
Feudal
9:21
Castle
—
Imperial
—
| APM avg | 63.2 |
| APM peak | 114 |
| eAPM avg | 19.9 |
| Villagers / military | 39 / 10 |
Focus
⚔️ 32.7% · 🌾 67.3%
Scout Cavalry ×10
Feudal
—
Castle
—
Imperial
—
| APM avg | 47.6 |
| APM peak | 82 |
| eAPM avg | 24.3 |
| Villagers / military | 13 / 0 |
Focus
⚔️ 36.0% · 🌾 64.0%
Feudal
9:21
Castle
—
Imperial
—
| APM avg | 61.4 |
| APM peak | 106 |
| eAPM avg | 17.9 |
| Villagers / military | 37 / 22 |
Focus
⚔️ 23.7% · 🌾 76.3%
Archer ×22
Feudal
10:06
Castle
—
Imperial
—
| APM avg | 41.5 |
| APM peak | 79 |
| eAPM avg | 15.0 |
| Villagers / military | 32 / 11 |
Focus
⚔️ 32.2% · 🌾 67.8%
Archer ×11
Feudal
9:41
Castle
—
Imperial
—
| APM avg | 42.1 |
| APM peak | 85 |
| eAPM avg | 13.2 |
| Villagers / military | 32 / 12 |
Focus
⚔️ 20.9% · 🌾 79.1%
Scout Cavalry ×8 · Spearman ×4
Feudal
11:34
Castle
—
Imperial
—
| APM avg | 44.9 |
| APM peak | 74 |
| eAPM avg | 14.6 |
| Villagers / military | 39 / 8 |
Focus
⚔️ 32.6% · 🌾 67.4%
Scout Cavalry ×8
Match map
Initial resources + every placement click. Lines = walls · curves = elevation contours. ◆ gold · ⬟ stone · ● berries · ✦ relic · ◌ wall gap
Your base· Open — unwalled flank
花果山水簾洞美猴王齊天大聖孫悟空's base· Open — unwalled flank
OM | SISKO PRO's base· Open — unwalled flank
castleChicken's base· Open — unwalled flank
OM | Romeo D. Sins's base· Open — unwalled flank
TheGrainmaker's base· Open — unwalled flank
OM | ingjuanpalencia's base· Open — unwalled flank
hailou hilou's base· Open — unwalled flank
Smoothed initial terrain · ◌ = detected wall gap · hover for details
Inputs per minute
— Facetrollwakfu - - 花果山水簾洞美猴王齊天大聖孫悟空
Build order — Facetrollwakfu
39 actions detected in the replay
| 0:01 | Create | Villager (Male) |
| 0:02 | Build | House |
| 0:04 | Build | House |
| 0:10 | Create | Villager (Male) ×3 |
| 1:25 | Create | Villager (Male) |
| 1:45 | Build | Lumber Camp |
| 2:01 | Create | Villager (Male) |
| 2:16 | Create | Villager (Male) |
| 2:50 | Create | Villager (Male) |
| 3:06 | Build | House |
| 3:18 | Create | Villager (Male) |
| 3:39 | Create | Villager (Male) |
| 3:52 | Create | Villager (Male) |
| 4:24 | Create | Villager (Male) |
| 4:51 | Build | Mill |
| 4:57 | Create | Villager (Male) |
| 5:00 | Create | Villager (Male) |
| 5:43 | Create | Villager (Male) |
| 5:50 | Create | Villager (Male) |
| 6:08 | Research | Loom |
| 6:12 | Build | Palisade Wall |
| 6:25 | Create | Villager (Male) |
| 6:32 | Create | Villager (Male) |
| 7:00 | Create | Villager (Male) |
| 7:15 | Build | House |
| 7:39 | Create | Villager (Male) |
| 7:42 | Create | Villager (Male) |
| 7:45 | Create | Villager (Male) |
| 8:43 | Build | Palisade Wall |
| 10:52 | Create | Villager (Male) |
| 10:53 | Create | Villager (Male) |
| 11:22 | Build | Palisade Wall |
| 12:51 | Build | House |
| 13:04 | Create | Villager (Male) |
| 14:34 | Build | Palisade Wall |
| 14:57 | Build | Palisade Wall |
| 15:56 | Build | Palisade Wall |
| 16:01 | Build | Palisade Wall |
| 16:04 | Build | Palisade Wall |
Build order — 花果山水簾洞美猴王齊天大聖孫悟空
69 actions detected in the replay
| 0:04 | Create | Villager (Male) |
| 0:05 | Build | House |
| 0:07 | Build | House |
| 0:17 | Create | Villager (Male) |
| 0:24 | Create | Villager (Male) |
| 0:26 | Create | Villager (Male) |
| 1:34 | Create | Villager (Male) |
| 1:58 | Create | Villager (Male) |
| 2:25 | Create | Villager (Male) |
| 3:02 | Create | Villager (Male) |
| 3:02 | Create | Villager (Male) |
| 3:03 | Create | Villager (Male) |
| 3:10 | Build | House |
| 3:25 | Create | Villager (Male) |
| 4:08 | Create | Villager (Male) |
| 4:10 | Create | Villager (Male) |
| 4:23 | Build | Lumber Camp |
| 5:16 | Create | Villager (Male) |
| 5:38 | Create | Villager (Male) |
| 5:58 | Create | Villager (Male) |
| 6:23 | Build | House |
| 6:52 | Build | House |
| 6:53 | Research | Loom |
| 6:55 | Create | Villager (Male) |
| 7:17 | Create | Villager (Male) |
| 7:23 | Build | Mill |
| 7:52 | Create | Villager (Male) |
| 8:23 | Create | Villager (Male) |
| 8:26 | Research | Feudal Age |
| 8:26 | Research | Feudal Age |
| 8:41 | Build | Lumber Camp |
| 9:07 | Build | Barracks |
| 10:10 | Create | Villager (Male) |
| 10:32 | Build | Mill |
| 10:36 | Age | Feudal Age |
| 10:42 | Build | Stable |
| 10:52 | Research | Double-Bit Axe |
| 10:52 | Research | Double-Bit Axe |
| 11:08 | Create | Villager (Male) |
| 11:12 | Research | Loom |
| 11:23 | Create | Scout Cavalry |
| 11:35 | Build | Mill |
| 11:41 | Build | Market |
| 11:45 | Create | Scout Cavalry |
| 11:46 | Create | Villager (Male) |
| 12:08 | Create | Scout Cavalry |
| 12:10 | Create | Villager (Male) |
| 12:36 | Create | Scout Cavalry |
| 13:05 | Create | Scout Cavalry |
| 13:05 | Create | Scout Cavalry |
| 13:05 | Create | Villager (Male) |
| 13:40 | Create | Scout Cavalry |
| 13:40 | Create | Villager (Male) |
| 13:50 | Build | Farm |
| 13:50 | Build | Farm |
| 13:50 | Build | Farm |
| 13:50 | Build | Farm |
| 14:05 | Build | House |
| 14:32 | Create | Militia |
| 14:39 | Build | Farm |
| 14:41 | Create | Villager (Male) |
| 14:44 | Create | Spearman |
| 14:59 | Create | Villager (Male) |
| 15:24 | Create | Villager (Male) |
| 15:39 | Build | Farm |
| 15:41 | Build | Farm |
| 15:42 | Create | Scout Cavalry |
| 15:43 | Create | Spearman |
| 15:56 | Create | Villager (Male) |
Build order — OM | SISKO PRO
93 actions detected in the replay
| 0:00 | Create | Villager (Male) |
| 0:00 | Create | Villager (Male) |
| 0:01 | Create | Villager (Male) |
| 0:01 | Create | Villager (Male) |
| 0:02 | Build | House |
| 0:03 | Build | House |
| 1:25 | Create | Villager (Male) |
| 1:25 | Create | Villager (Male) |
| 1:50 | Build | Lumber Camp |
| 2:00 | Create | Villager (Male) |
| 2:13 | Create | Villager (Male) |
| 2:48 | Create | Villager (Male) |
| 2:48 | Create | Villager (Male) |
| 3:22 | Create | Villager (Male) |
| 3:23 | Create | Villager (Male) |
| 3:23 | Create | Villager (Male) |
| 4:13 | Create | Villager (Male) |
| 4:13 | Create | Villager (Male) |
| 4:13 | Create | Villager (Male) |
| 4:37 | Build | House |
| 4:41 | Research | Loom |
| 4:45 | Create | Villager (Male) |
| 4:45 | Create | Villager (Male) |
| 5:13 | Create | Villager (Male) |
| 5:36 | Build | House |
| 5:45 | Build | Mill |
| 5:47 | Create | Villager (Male) |
| 6:37 | Create | Villager (Male) |
| 7:11 | Research | Feudal Age |
| 7:44 | Build | Mill |
| 8:31 | Build | House |
| 8:35 | Create | Villager (Male) |
| 9:03 | Build | Barracks |
| 9:21 | Age | Feudal Age |
| 9:32 | Research | Double-Bit Axe |
| 9:35 | Create | Villager (Male) |
| 10:07 | Create | Villager (Male) |
| 10:14 | Build | House |
| 10:30 | Create | Villager (Male) |
| 10:38 | Build | Stable |
| 10:56 | Create | Villager (Male) |
| 11:03 | Build | House |
| 11:05 | Build | House |
| 11:15 | Create | Villager (Male) |
| 11:28 | Create | Scout Cavalry |
| 11:28 | Create | Scout Cavalry |
| 11:32 | Build | Palisade Wall |
| 11:38 | Research | Horse Collar |
| 11:46 | Create | Villager (Male) |
| 12:00 | Build | Farm |
| 12:02 | Create | Villager (Male) |
| 12:07 | Build | House |
| 12:21 | Create | Villager (Male) |
| 12:23 | Create | Scout Cavalry |
| 12:41 | Build | Palisade Wall |
| 12:45 | Create | Villager (Male) |
| 12:50 | Build | Lumber Camp |
| 12:53 | Create | Scout Cavalry |
| 12:56 | Build | Farm |
| 13:07 | Create | Scout Cavalry |
| 13:15 | Build | Farm |
| 13:15 | Build | Farm |
| 13:26 | Create | Villager (Male) |
| 13:29 | Build | Farm |
| 13:38 | Build | Farm |
| 13:43 | Build | Farm |
| 13:50 | Create | Villager (Male) |
| 13:55 | Create | Scout Cavalry |
| 14:05 | Build | Farm |
| 14:12 | Create | Villager (Male) |
| 14:16 | Create | Scout Cavalry |
| 14:20 | Build | Farm |
| 14:26 | Build | Farm |
| 14:37 | Build | Mill |
| 14:43 | Create | Villager (Male) |
| 14:45 | Build | Farm |
| 14:57 | Create | Villager (Male) |
| 14:59 | Create | Scout Cavalry |
| 15:03 | Build | Farm |
| 15:03 | Build | Farm |
| 15:07 | Create | Scout Cavalry |
| 15:18 | Create | Villager (Male) |
| 15:20 | Build | Farm |
| 15:35 | Create | Villager (Male) |
| 15:39 | Build | Farm |
| 15:39 | Build | Farm |
| 15:40 | Build | Farm |
| 15:40 | Build | Farm |
| 15:40 | Build | Farm |
| 15:40 | Build | Farm |
| 15:41 | Build | Farm |
| 15:45 | Create | Scout Cavalry |
| 16:01 | Create | Villager (Male) |
Build order — castleChicken
20 actions detected in the replay
| 0:03 | Build | House |
| 0:05 | Build | House |
| 0:07 | Create | Villager (Male) |
| 0:10 | Create | Villager (Male) |
| 0:10 | Create | Villager (Male) |
| 0:46 | Create | Villager (Male) |
| 1:00 | Create | Villager (Male) |
| 1:23 | Build | Lumber Camp |
| 1:52 | Create | Villager (Male) |
| 2:31 | Create | Villager (Male) |
| 2:32 | Create | Villager (Male) |
| 3:04 | Research | Loom |
| 3:09 | Create | Villager (Male) |
| 3:24 | Create | Villager (Male) |
| 3:29 | Build | House |
| 4:05 | Create | Villager (Male) |
| 4:19 | Create | Villager (Male) |
| 5:21 | Build | Town Center |
| 6:47 | Create | Villager (Male) |
| 7:04 | Build | Mill |
Build order — OM | Romeo D. Sins
92 actions detected in the replay
| 0:02 | Create | Villager (Male) |
| 0:02 | Create | Villager (Male) |
| 0:02 | Create | Villager (Male) |
| 0:02 | Create | Villager (Male) |
| 0:03 | Build | House |
| 0:04 | Build | House |
| 1:24 | Create | Villager (Male) |
| 1:48 | Build | Lumber Camp |
| 1:54 | Create | Villager (Male) |
| 1:54 | Create | Villager (Male) |
| 2:16 | Create | Villager (Male) |
| 2:16 | Create | Villager (Male) |
| 2:38 | Build | House |
| 2:46 | Create | Villager (Male) |
| 2:46 | Create | Villager (Male) |
| 3:07 | Create | Villager (Male) |
| 3:07 | Create | Villager (Male) |
| 3:43 | Create | Villager (Male) |
| 4:16 | Create | Villager (Male) |
| 4:17 | Research | Loom |
| 4:47 | Create | Villager (Male) |
| 5:02 | Build | Mill |
| 5:18 | Create | Villager (Male) |
| 5:43 | Create | Villager (Male) |
| 6:05 | Create | Villager (Male) |
| 6:44 | Create | Villager (Male) |
| 7:02 | Research | Feudal Age |
| 7:34 | Build | House |
| 7:35 | Build | House |
| 8:02 | Build | Barracks |
| 8:35 | Create | Villager (Male) |
| 8:56 | Build | Palisade Gate |
| 9:11 | Build | Mining Camp |
| 9:21 | Age | Feudal Age |
| 9:23 | Build | Archery Range |
| 9:27 | Build | Archery Range |
| 9:30 | Create | Villager (Male) |
| 9:31 | Create | Villager (Male) |
| 9:57 | Build | Blacksmith |
| 10:15 | Create | Archer |
| 10:18 | Create | Villager (Male) |
| 10:26 | Build | House |
| 10:45 | Create | Villager (Male) |
| 10:49 | Create | Archer |
| 10:51 | Create | Archer |
| 11:05 | Create | Villager (Male) |
| 11:06 | Research | Fletching |
| 11:10 | Create | Archer |
| 11:27 | Create | Archer |
| 11:27 | Create | Archer |
| 11:33 | Build | House |
| 11:35 | Create | Villager (Male) |
| 11:43 | Build | Market |
| 11:53 | Create | Archer |
| 11:54 | Create | Archer |
| 12:02 | Create | Villager (Male) |
| 12:16 | Build | House |
| 12:18 | Build | House |
| 12:26 | Create | Archer |
| 12:27 | Create | Archer |
| 12:36 | Create | Villager (Male) |
| 12:44 | Create | Archer |
| 12:48 | Build | Farm |
| 12:56 | Create | Archer |
| 13:03 | Create | Villager (Male) |
| 13:09 | Build | Farm |
| 13:21 | Create | Archer |
| 13:31 | Create | Villager (Male) |
| 13:34 | Build | Farm |
| 13:50 | Create | Archer |
| 13:56 | Build | House |
| 14:03 | Create | Villager (Male) |
| 14:05 | Create | Villager (Male) |
| 14:07 | Build | Farm |
| 14:14 | Create | Archer |
| 14:14 | Create | Archer |
| 14:32 | Create | Archer |
| 14:38 | Create | Villager (Male) |
| 14:44 | Create | Archer |
| 14:56 | Build | House |
| 15:13 | Create | Archer |
| 15:14 | Create | Villager (Male) |
| 15:15 | Create | Villager (Male) |
| 15:20 | Build | Farm |
| 15:27 | Build | House |
| 15:32 | Create | Archer |
| 15:32 | Create | Archer |
| 15:46 | Create | Archer |
| 15:59 | Build | Farm |
| 16:01 | Create | Villager (Male) |
| 16:02 | Build | House |
| 16:04 | Build | Stone Wall |
Build order — TheGrainmaker
71 actions detected in the replay
| 0:00 | Create | Villager (Male) |
| 0:01 | Create | Villager (Male) |
| 0:01 | Create | Villager (Male) |
| 0:02 | Build | House |
| 0:04 | Build | House |
| 0:36 | Create | Villager (Male) |
| 1:19 | Create | Villager (Male) |
| 1:19 | Create | Villager (Male) |
| 1:44 | Build | Lumber Camp |
| 1:48 | Create | Villager (Male) |
| 1:48 | Create | Villager (Male) |
| 2:11 | Create | Villager (Male) |
| 2:30 | Create | Villager (Male) |
| 2:47 | Create | Villager (Male) |
| 3:34 | Create | Villager (Male) |
| 3:35 | Create | Villager (Male) |
| 4:01 | Build | House |
| 4:12 | Create | Villager (Male) |
| 4:26 | Create | Villager (Male) |
| 4:50 | Create | Villager (Male) |
| 5:37 | Create | Villager (Male) |
| 5:52 | Create | Villager (Male) |
| 5:54 | Build | House |
| 6:07 | Create | Villager (Male) |
| 6:17 | Create | Villager (Male) |
| 6:30 | Create | Villager (Male) |
| 7:06 | Build | Mining Camp |
| 7:30 | Research | Loom |
| 7:48 | Research | Feudal Age |
| 8:11 | Build | House |
| 8:12 | Build | Barracks |
| 8:53 | Create | Villager (Male) |
| 9:07 | Build | Mill |
| 9:13 | Create | Villager (Male) |
| 10:03 | Build | Palisade Wall |
| 10:06 | Age | Feudal Age |
| 10:09 | Research | Double-Bit Axe |
| 10:13 | Build | Archery Range |
| 10:16 | Build | Archery Range |
| 10:34 | Build | Mill |
| 10:40 | Create | Villager (Male) |
| 11:00 | Build | House |
| 11:00 | Build | House |
| 11:07 | Create | Villager (Male) |
| 11:11 | Create | Archer |
| 11:11 | Create | Archer |
| 11:15 | Create | Archer |
| 11:26 | Build | House |
| 11:31 | Build | Blacksmith |
| 11:32 | Build | Palisade Wall |
| 11:34 | Create | Villager (Male) |
| 11:35 | Create | Archer |
| 11:35 | Create | Archer |
| 11:46 | Create | Archer |
| 11:55 | Research | Gold Mining |
| 12:09 | Create | Archer |
| 12:15 | Create | Villager (Male) |
| 12:15 | Create | Villager (Male) |
| 12:23 | Build | House |
| 12:31 | Build | House |
| 12:31 | Create | Villager (Male) |
| 12:38 | Create | Archer |
| 12:39 | Create | Archer |
| 12:53 | Build | Palisade Wall |
| 12:57 | Create | Archer |
| 12:57 | Create | Archer |
| 13:09 | Build | Farm |
| 13:43 | Create | Villager (Male) |
| 14:05 | Create | Villager (Male) |
| 14:49 | Create | Villager (Male) |
| 15:26 | Build | Mining Camp |
Build order — OM | ingjuanpalencia
73 actions detected in the replay
| 0:04 | Create | Villager (Male) |
| 0:04 | Create | Villager (Male) |
| 0:05 | Create | Villager (Male) |
| 0:05 | Create | Villager (Male) |
| 0:05 | Create | Villager (Male) |
| 0:07 | Build | House |
| 0:09 | Build | House |
| 1:32 | Create | Villager (Male) |
| 2:05 | Build | Lumber Camp |
| 2:12 | Create | Villager (Male) |
| 2:12 | Create | Villager (Male) |
| 2:59 | Create | Villager (Male) |
| 2:59 | Create | Villager (Male) |
| 3:29 | Create | Villager (Male) |
| 3:32 | Build | House |
| 3:37 | Create | Villager (Male) |
| 3:37 | Create | Villager (Male) |
| 4:07 | Create | Villager (Male) |
| 4:27 | Create | Villager (Male) |
| 4:50 | Create | Villager (Male) |
| 5:29 | Create | Villager (Male) |
| 5:52 | Create | Villager (Male) |
| 6:14 | Create | Villager (Male) |
| 6:31 | Research | Loom |
| 6:36 | Build | Mill |
| 6:55 | Build | House |
| 7:31 | Research | Feudal Age |
| 8:06 | Build | Barracks |
| 9:14 | Build | House |
| 9:41 | Age | Feudal Age |
| 9:45 | Build | Stable |
| 9:49 | Research | Double-Bit Axe |
| 9:49 | Create | Villager (Male) |
| 9:49 | Create | Villager (Male) |
| 10:25 | Create | Spearman |
| 10:25 | Create | Spearman |
| 10:30 | Create | Villager (Male) |
| 10:47 | Build | House |
| 10:48 | Create | Scout Cavalry |
| 10:48 | Create | Scout Cavalry |
| 10:48 | Create | Scout Cavalry |
| 11:09 | Build | Mill |
| 11:10 | Create | Villager (Male) |
| 11:23 | Create | Spearman |
| 11:23 | Create | Spearman |
| 11:39 | Build | Blacksmith |
| 11:40 | Create | Villager (Male) |
| 11:40 | Create | Villager (Male) |
| 11:57 | Create | Scout Cavalry |
| 12:22 | Create | Scout Cavalry |
| 12:40 | Build | Farm |
| 12:41 | Build | Farm |
| 12:41 | Build | Farm |
| 12:43 | Build | Farm |
| 12:44 | Build | Farm |
| 12:45 | Create | Villager (Male) |
| 12:51 | Build | House |
| 13:39 | Create | Scout Cavalry |
| 13:45 | Create | Villager (Male) |
| 13:47 | Build | Farm |
| 13:47 | Build | Farm |
| 13:50 | Build | Farm |
| 13:52 | Create | Villager (Male) |
| 14:18 | Create | Scout Cavalry |
| 14:43 | Create | Scout Cavalry |
| 14:44 | Create | Villager (Male) |
| 15:00 | Create | Villager (Male) |
| 15:01 | Build | House |
| 15:05 | Research | Scale Barding Armor |
| 15:18 | Build | Farm |
| 15:36 | Create | Villager (Male) |
| 15:51 | Create | Villager (Male) |
| 15:59 | Build | Farm |
Build order — hailou hilou
73 actions detected in the replay
| 0:01 | Create | Villager (Male) |
| 0:01 | Create | Villager (Male) |
| 0:02 | Build | House |
| 0:03 | Build | House |
| 0:42 | Create | Villager (Male) |
| 0:42 | Create | Villager (Male) |
| 0:42 | Create | Villager (Male) |
| 0:43 | Create | Villager (Male) |
| 1:25 | Create | Villager (Male) |
| 1:25 | Create | Villager (Male) |
| 1:25 | Create | Villager (Male) |
| 2:00 | Create | Villager (Male) |
| 2:00 | Create | Villager (Male) |
| 2:19 | Create | Villager (Male) |
| 2:42 | Build | Lumber Camp |
| 3:03 | Create | Villager (Male) |
| 3:03 | Create | Villager (Male) |
| 3:04 | Create | Villager (Male) |
| 3:24 | Create | Villager (Male) |
| 3:24 | Create | Villager (Male) |
| 3:34 | Build | House |
| 3:36 | Build | Palisade Wall |
| 3:42 | Create | Villager (Male) |
| 3:42 | Create | Villager (Male) |
| 3:55 | Create | Villager (Male) |
| 4:26 | Create | Villager (Male) |
| 5:02 | Create | Villager (Male) |
| 5:09 | Create | Villager (Male) |
| 5:23 | Build | House |
| 5:32 | Build | Palisade Wall |
| 5:33 | Create | Villager (Male) |
| 6:25 | Create | Villager (Male) |
| 6:27 | Build | Mill |
| 6:54 | Build | Palisade Wall |
| 6:56 | Build | Palisade Gate |
| 6:59 | Build | Palisade Wall |
| 7:01 | Create | Villager (Male) |
| 7:15 | Create | Villager (Male) |
| 8:07 | Build | Mill |
| 8:34 | Create | Villager (Male) |
| 8:34 | Create | Villager (Male) |
| 8:34 | Create | Villager (Male) |
| 8:35 | Create | Villager (Male) |
| 8:35 | Create | Villager (Male) |
| 8:35 | Create | Villager (Male) |
| 8:58 | Build | Barracks |
| 9:23 | Research | Feudal Age |
| 9:24 | Research | Loom |
| 9:42 | Build | Mining Camp |
| 9:45 | Build | Mining Camp |
| 11:34 | Age | Feudal Age |
| 11:35 | Build | Stable |
| 11:36 | Research | Double-Bit Axe |
| 11:51 | Create | Villager (Male) |
| 12:07 | Create | Villager (Male) |
| 12:11 | Create | Scout Cavalry |
| 12:11 | Create | Scout Cavalry |
| 12:12 | Build | Mill |
| 12:35 | Build | Palisade Wall |
| 13:02 | Create | Villager (Male) |
| 13:09 | Build | Blacksmith |
| 13:25 | Create | Villager (Male) |
| 13:34 | Build | Mill |
| 14:10 | Create | Villager (Male) |
| 14:19 | Create | Scout Cavalry |
| 14:32 | Research | Castle Age |
| 14:43 | Build | Stable |
| 14:57 | Create | Scout Cavalry |
| 15:14 | Create | Scout Cavalry |
| 15:14 | Create | Scout Cavalry |
| 15:18 | Create | Villager (Male) |
| 15:35 | Create | Scout Cavalry |
| 15:36 | Create | Scout Cavalry |
Match timeline
| 3:36 | hailou hilou · wall_segment Palisade Wall x1 |
| 5:32 | hailou hilou · wall_segment Palisade Wall x4 |
| 6:12 | Facetrollwakfu · wall_segment Palisade Wall x1 |
| 6:54 | hailou hilou · wall_segment Palisade Wall x6 |
| 6:59 | hailou hilou · wall_segment Palisade Wall x4 |
| 8:02 | OM | Romeo D. Sins · first_building Barracks |
| 8:06 | OM | ingjuanpalencia · first_building Barracks |
| 8:12 | TheGrainmaker · first_building Barracks |
| 8:43 | Facetrollwakfu · wall_segment Palisade Wall x1 |
| 8:58 | hailou hilou · first_building Barracks |
| 9:03 | OM | SISKO PRO · first_building Barracks |
| 9:07 | 花果山水簾洞美猴王齊天大聖孫悟空 · first_building Barracks |
| 9:21 | OM | SISKO PRO · age_up feudal |
| 9:21 | OM | Romeo D. Sins · age_up feudal |
| 9:23 | OM | Romeo D. Sins · first_building Archery Range |
| 9:41 | OM | ingjuanpalencia · age_up feudal |
| 9:45 | OM | ingjuanpalencia · first_building Stable |
| 10:03 | TheGrainmaker · wall_segment Palisade Wall x1 |
| 10:06 | TheGrainmaker · age_up feudal |
| 10:13 | TheGrainmaker · first_building Archery Range |
| 10:36 | 花果山水簾洞美猴王齊天大聖孫悟空 · age_up feudal |
| 10:38 | OM | SISKO PRO · first_building Stable |
| 10:42 | 花果山水簾洞美猴王齊天大聖孫悟空 · first_building Stable |
| 11:22 | Facetrollwakfu · wall_segment Palisade Wall x1 |
| 11:32 | OM | SISKO PRO · wall_segment Palisade Wall x8 |
| 11:32 | TheGrainmaker · wall_segment Palisade Wall x1 |
| 11:34 | hailou hilou · age_up feudal |
| 11:35 | hailou hilou · first_building Stable |
| 12:35 | hailou hilou · wall_segment Palisade Wall x3 |
| 12:41 | OM | SISKO PRO · wall_segment Palisade Wall x9 |
| 12:44 | 花果山水簾洞美猴王齊天大聖孫悟空 · tribute_sent a jugador 2 |
| 12:44 | 花果山水簾洞美猴王齊天大聖孫悟空 · tribute_sent a jugador 3 |
| 12:44 | 花果山水簾洞美猴王齊天大聖孫悟空 · tribute_sent a jugador 4 |
| 12:44 | 花果山水簾洞美猴王齊天大聖孫悟空 · tribute_sent a jugador 5 |
| 12:44 | 花果山水簾洞美猴王齊天大聖孫悟空 · tribute_sent a jugador 6 |
| 12:44 | 花果山水簾洞美猴王齊天大聖孫悟空 · tribute_sent a jugador 7 |
| 12:44 | 花果山水簾洞美猴王齊天大聖孫悟空 · tribute_sent a jugador 8 |
| 12:53 | TheGrainmaker · wall_segment Palisade Wall x2 |
| 14:34 | Facetrollwakfu · wall_segment Palisade Wall x1 |
| 14:57 | Facetrollwakfu · wall_segment Palisade Wall x1 |
| 15:49 | TheGrainmaker · resign |
| 15:56 | Facetrollwakfu · wall_segment Palisade Wall x2 |
| 16:01 | Facetrollwakfu · wall_segment Palisade Wall x2 |
| 16:04 | OM | Romeo D. Sins · wall_segment Stone Wall x7 |
| 16:04 | Facetrollwakfu · wall_segment Palisade Wall x3 |
[ AI ANALYSIS · 1 CREDIT ]
What really happened in this match?
Wolo.gg analyzes every decision: build order, eco, micro, common mistakes by bracket. Personalized analysis on WhatsApp or Discord in 30 seconds.
Civ guide
Vietnamese
Perfil
Facetrollwakfu